[Event "Titled Tuesday Blitz April 18 Early 2023"]
[White "Anton Guijarro, David"]
[Black "Amilal Munkhdalai"]
[WhiteFideId "2285525"]
[BlackFideId "4903250"]
[WhiteElo "2618"]
[BlackElo "2293"]
[Result "1/2-1/2"]
[Round "07"]
[TimeControl "180+2"]
[Date "2023.04.18"]
[WhiteClock "0:00:02"]
[BlackClock "0:00:06"]

1. d4 Nf6 2. Nf3 e6 3. Bg5 d5 4. Nbd2 h6 5. Bxf6 Qxf6 6. e4 c6 7. Bd3 Nd7 8. Qe2 Qd8 9. O-O-O b6 10. Rde1 Bb7 11. exd5 cxd5 12. Ne5 Nxe5 13. Qxe5 a6 14. f4 Qd6 15. Qh5 g6 16. Bxg6 fxg6 17. Qxg6+ Kd7 18. f5 exf5 19. Qxf5+ Kc7 20. Re3 Rd8 21. Rf1 Kb8 22. Kb1 Be7 23. Qh5 Bg5 24. Rd3 Bxd2 25. Rxd2 Rhf8 26. Rxf8 Rxf8 27. a3 a5 28. Re2 Ba6 29. Re5 Bc4 30. b3 Qxa3 31. Re8+ Rxe8 32. Qxe8+ Ka7 33. Qd7+ Ka6 34. Qc8+ Ka7 35. Qc7+ Ka6 36. Qc8+ Ka7 37. Qc7+ Ka6 38. bxc4 Qb4+ 39. Kc1 dxc4 40. Qc8+ Ka7 41. Qd7+ Ka6 42. Qc8+ Ka7 43. Qd7+ Kb8 44. Qe8+ Kc7 45. Qf7+ Kb8 46. Qe8+ Kc7 47. Qf7+ Kb8 48. Qe8+ 1/2-1/2


[Site "https://www.chess.com"]

[Event "Titled Tuesday Blitz April 18 Early 2023"]
[White "Kamsky, Gata"]
[Black "O`Gorman, Tom"]
[WhiteFideId "2000024"]
[BlackFideId "2508249"]
[WhiteElo "2660"]
[BlackElo "2271"]
[Result "1-0"]
[Round "07"]
[TimeControl "180+2"]
[Date "2023.04.18"]
[WhiteClock "0:01:16"]
[BlackClock "0:00:12"]

1. e4 c5 2. Nc3 d6 3. Bc4 g6 4. d3 Bg7 5. Nf3 Nc6 6. a3 Nf6 7. h3 O-O 8. O-O a6 9. Bf4 b5 10. Ba2 Bb7 11. Qd2 Rc8 12. Bh6 Bxh6 13. Qxh6 Nd4 14. Nxd4 cxd4 15. Ne2 Rxc2 16. Nxd4 Rxb2 17. Qc1 Rxa2 18. Rxa2 Qb6 19. Nf3 a5 20. Rc2 b4 21. axb4 axb4 22. Qd2 Ba6 23. Rb1 Qb5 24. Ne1 Rb8 25. Rcb2 b3 26. Qc3 Rc8 27. Qxb3 Qxb3 28. Rxb3 Nd7 29. Ra3 Rc6 30. d4 d5 31. exd5 Rd6 32. Nc2 Bc4 33. Ne3 Bxd5 34. Ra7 Be4 35. Rc1 Rxd4 36. Rcc7 Ne5 37. Rxe7 f6 38. Rg7+ Kf8 39. Rxh7 1-0


[Site "https://www.chess.com"]

[Event "Titled Tuesday Blitz April 18 Early 2023"]
[White "Kukhmazov, Arsen"]
[Black "Arat, Ufuk Sezen"]
[WhiteFideId "24108260"]
[BlackFideId "6309089"]
[WhiteElo "2396"]
[BlackElo "2289"]
[Result "1/2-1/2"]
[Round "07"]
[TimeControl "180+2"]
[Date "2023.04.18"]
[WhiteClock "0:00:07"]
[BlackClock "0:00:07"]

1. d4 Nf6 2. c4 g6 3. h4 h5 4. Nc3 d5 5. Bg5 c6 6. Bxf6 exf6 7. cxd5 cxd5 8. g3 Nc6 9. Bg2 Be6 10. e3 Bb4 11. Qb3 a5 12. Ne2 a4 13. Qc2 O-O 14. O-O a3 15. bxa3 Rxa3 16. Nb5 Ra5 17. a4 Qe7 18. Nf4 Rd8 19. Rfc1 Kg7 20. Qb3 Bd6 21. Nxd5 Qd7 22. Qc3 Bxd5 23. Bxd5 Bb4 24. Bxc6 Bxc3 25. Bxd7 Bxa1 26. Rxa1 Rxd7 27. Ra3 Rd8 28. Nc3 Rd7 29. Kf1 Kf8 30. Ke2 f5 31. Kd3 Ra6 32. Rb3 Ra8 33. Rb5 Rc7 34. a5 Rac8 35. Nd5 Rc1 36. Rxb7 Rd1+ 37. Ke2 Ra1 38. Ra7 Rc2+ 39. Kf3 Rca2 40. Nb4 Rxa5 41. Rxa5 Rxa5 42. Nc6 Ra2 43. Ne5 Ke7 44. Nd3 Kd6 45. Ne5 Ke6 46. Nd3 f6 47. Nc5+ Ke7 48. Nd3 g5 49. Nb4 Rd2 50. Nd5+ Ke6 51. Nc7+ Kf7 52. Nd5 Rc2 53. Nb4 Rd2 54. Nd5 Ke6 55. Nc7+ Kd6 56. Ne8+ Ke7 57. Ng7 f4 58. gxf4 gxf4 59. Nxh5 fxe3 60. fxe3 Rh2 61. Ng3 Kd6 62. h5 Ke6 63. Kg4 f5+ 64. Nxf5 Kf6 65. Ng3 Ra2 66. Kf3 Kg5 67. Ke4 Rg2 68. Nf5 Kxh5 69. Ke5 Kg5 70. e4 Ra2 71. d5 Ra8 72. Ke6 Re8+ 73. Ne7 Rh8 74. e5 Rh6+ 75. Kd7 Kf4 76. e6 Ke5 77. d6 Rxe6 78. Nc6+ Kf6 79. Kc7 Rxd6 80. Kxd6 1/2-1/2


[Site "https://www.chess.com"]

[Event "Titled Tuesday Blitz April 18 Early 2023"]
[White "Naroditsky, Daniel"]
[Black "Skvortsov, Andrei"]
[WhiteFideId "2026961"]
[BlackFideId "24108600"]
[WhiteElo "2633"]
[BlackElo "2259"]
[Result "1-0"]
[Round "07"]
[TimeControl "180+2"]
[Date "2023.04.18"]
[WhiteClock "0:02:54"]
[BlackClock "0:01:17"]

1. d4 e6 2. Nc3 c5 3. d5 Nf6 4. e4 exd5 5. e5 Ng8 6. Nxd5 Nc6 7. Nf3 d6 8. Bg5 f6 9. exf6 Nxf6 10. Bc4 Be7 11. O-O Nxd5 12. Qxd5 Rf8 13. Rfe1 Bf5 14. Rxe7+ Nxe7 15. Re1 1-0


[Site "https://www.chess.com"]

[Event "Titled Tuesday Blitz April 18 Early 2023"]
[White "Aaditya Dhingra"]
[Black "Caruana, Fabiano"]
[WhiteFideId "25678191"]
[BlackFideId "2020009"]
[WhiteElo "2083"]
[BlackElo "2837"]
[Result "0-1"]
[Round "07"]
[TimeControl "180+2"]
[Date "2023.04.18"]
[WhiteClock "0:01:23"]
[BlackClock "0:01:55"]

1. Nf3 d5 2. g3 g6 3. Bg2 Bg7 4. d4 Nh6 5. O-O O-O 6. c4 c6 7. cxd5 cxd5 8. Nc3 Nc6 9. Bf4 Nf5 10. Ne5 e6 11. Nxc6 bxc6 12. Be5 Bxe5 13. dxe5 Qc7 14. e4 Ne7 15. f4 Ba6 16. Rf2 Rfd8 17. Qc2 Rac8 18. Rd1 d4 19. Na4 c5 20. b3 c4 21. bxc4 Bxc4 22. Rfd2 Qa5 23. Rxd4 Rxd4 24. Rxd4 Bb5 25. Qd1 Nc6 26. Rd7 Bxa4 27. Qd2 Qxd2 28. Rxd2 Na5 29. Rd4 Rc1+ 30. Kf2 Rc2+ 31. Kg1 Bb5 32. f5 Nc4 33. f6 h5 34. Rd8+ Kh7 35. Rf8 Nxe5 0-1


[Site "https://www.chess.com"]

[Event "Titled Tuesday Blitz April 18 Early 2023"]
[White "Toropov, Pavel"]
[Black "Sarana, Alexey"]
[WhiteFideId "24129178"]
[BlackFideId "24133795"]
[WhiteElo "2182"]
[BlackElo "2714"]
[Result "0-1"]
[Round "07"]
[TimeControl "180+2"]
[Date "2023.04.18"]
[WhiteClock "0:00:03"]
[BlackClock "0:00:25"]

1. e4 c5 2. Nf3 d6 3. Bb5+ Bd7 4. Bxd7+ Nxd7 5. Qe2 e6 6. c4 Ne5 7. b3 Ne7 8. Bb2 N7c6 9. d3 Be7 10. Nbd2 Bf6 11. Nxe5 dxe5 12. Nf3 Qd6 13. O-O g5 14. a3 g4 15. Ne1 h5 16. Nc2 Rd8 17. Rad1 Rg8 18. f4 Ke7 19. f5 Bg5 20. b4 b6 21. b5 Nb8 22. Bc3 Nd7 23. Bd2 Rdf8 24. Qf2 Bf6 25. Bh6 Re8 26. Be3 h4 27. Qe2 Kd8 28. a4 Bg5 29. Bxg5+ Rxg5 30. a5 exf5 31. exf5 Nf6 32. axb6 axb6 33. Ne3 Qd4 34. Ra1 Ke7 35. Ra7+ Kf8 36. Kh1 e4 37. Rd1 h3 38. g3 exd3 39. Rxd3 Qe4+ 40. Kg1 Rxf5 41. Qd2 Rf3 42. Raa3 Re5 43. Nd5 Qe1+ 44. Qxe1 Rxe1# 0-1


[Site "https://www.chess.com"]

[Event "Titled Tuesday Blitz April 18 Early 2023"]
[White "Perez Gormaz, Matias"]
[Black "Svane, Rasmus"]
[WhiteFideId "3406342"]
[BlackFideId "4657101"]
[WhiteElo "2362"]
[BlackElo "2597"]
[Result "0-1"]
[Round "07"]
[TimeControl "180+2"]
[Date "2023.04.18"]
[WhiteClock "0:00:45"]
[BlackClock "0:00:55"]

1. e4 c6 2. d4 d5 3. exd5 cxd5 4. Nf3 Nc6 5. Ne5 a6 6. c3 Bf5 7. Qb3 Nxe5 8. dxe5 Qc7 9. Bf4 e6 10. Nd2 Ne7 11. Bg3 Nc6 12. Qa4 Be7 13. Be2 O-O 14. Qf4 h6 15. h4 Rad8 16. Nf3 d4 17. cxd4 Qa5+ 18. Kf1 Qb6 19. Rd1 Bc2 20. Rd2 Qxb2 21. Kg1 Bb4 22. Kh2 Bxd2 23. Qxd2 Nxd4 24. Nxd4 Rxd4 25. Qe3 Bf5 26. Bf3 b5 27. Bf4 Rd3 28. Qc5 Qd4 0-1


[Site "https://www.chess.com"]

[Event "Titled Tuesday Blitz April 18 Early 2023"]
[White "Karthik Rajaa"]
[Black "Sargsyan, Shant"]
[WhiteFideId "25035215"]
[BlackFideId "13306766"]
[WhiteElo "2215"]
[BlackElo "2628"]
[Result "1-0"]
[Round "07"]
[TimeControl "180+2"]
[Date "2023.04.18"]
[WhiteClock "0:00:45"]
[BlackClock "0:00:33"]

1. Nf3 g6 2. d4 Bg7 3. Nc3 c6 4. e4 b5 5. a3 d6 6. h3 Nf6 7. Be3 a6 8. g4 Bb7 9. Bg2 Nbd7 10. g5 Nh5 11. Nd2 O-O 12. Bf3 e5 13. dxe5 Nxe5 14. Bxh5 gxh5 15. f4 Nd7 16. Qxh5 f5 17. gxf6 Nxf6 18. Qe2 c5 19. O-O-O Kh8 20. e5 Nd7 21. Nde4 b4 22. Nd5 dxe5 23. Nxc5 Nxc5 24. Bxc5 bxa3 25. Bxa3 Qa5 26. Qd2 Qa4 27. Nb6 Qxf4 28. Nxa8 Rxa8 29. Rhg1 Qxd2+ 30. Rxd2 Bh6 31. Be7 Bg7 32. Rdg2 Bxg2 33. Rxg2 Re8 34. Bc5 Bh6+ 35. Kd1 Rd8+ 36. Ke1 Bf4 37. Be7 1-0


[Site "https://www.chess.com"]

[Event "Titled Tuesday Blitz April 18 Early 2023"]
[White "Tregubov, Pavel V."]
[Black "Kramnik, Vladimir"]
[WhiteFideId "4115341"]
[BlackFideId "4101588"]
[WhiteElo "2425"]
[BlackElo "2712"]
[Result "0-1"]
[Round "07"]
[TimeControl "180+2"]
[Date "2023.04.18"]
[WhiteClock "0:00:55"]
[BlackClock "0:01:44"]

1. e4 c5 2. Nf3 d6 3. Bb5+ Bd7 4. Bxd7+ Qxd7 5. O-O Nf6 6. Re1 Nc6 7. c3 e6 8. d4 cxd4 9. cxd4 d5 10. e5 Ne4 11. Nbd2 Nxd2 12. Bxd2 Be7 13. a3 O-O 14. b4 a6 15. Re3 Rac8 16. Rc1 Na7 17. Rec3 Rxc3 18. Bxc3 Rc8 19. Bb2 Rc4 20. Nd2 Rxc1 21. Qxc1 Bg5 22. Qc5 Bxd2 23. Qxa7 h5 24. Qc5 Qa4 25. g3 Qb3 26. Qc8+ Kh7 27. Qxb7 Qxb2 28. Qxf7 Qb1+ 29. Kg2 Qe4+ 30. Kg1 Qg6 31. Qf3 Qb1+ 32. Kg2 Qe4 33. Qxe4+ dxe4 34. f3 Bc3 0-1


[Site "https://www.chess.com"]

[Event "Titled Tuesday Blitz April 18 Early 2023"]
[White "Kucuksari, Kaan"]
[Black "Ivanchuk, Vasyl"]
[WhiteFideId "6380166"]
[BlackFideId "14100010"]
[WhiteElo "2364"]
[BlackElo "2710"]
[Result "0-1"]
[Round "07"]
[TimeControl "180+2"]
[Date "2023.04.18"]
[WhiteClock "0:00:02"]
[BlackClock "0:00:08"]

1. d4 Nf6 2. c4 e6 3. g3 Bb4+ 4. Bd2 Qe7 5. Bg2 Nc6 6. e3 Bxd2+ 7. Qxd2 d5 8. b3 Ne4 9. Qc2 Nb4 10. Qd1 c5 11. Ne2 cxd4 12. Nxd4 Nf6 13. a3 Nc6 14. Nc3 Nxd4 15. Qxd4 dxc4 16. Qxc4 O-O 17. O-O Rb8 18. Qb4 Re8 19. Rfd1 b6 20. Nb5 a5 21. Qxe7 Rxe7 22. Rd8+ Re8 23. Rxe8+ Nxe8 24. Rd1 Kf8 25. Na7 Ba6 26. Nc6 Rc8 27. a4 Nf6 28. Nd4 Rc3 29. Nc6 Rxb3 30. Rd8+ Ne8 31. h4 Rc3 32. Nb8 Rc8 33. Nd7+ Ke7 34. Rxc8 Bxc8 35. Nxb6 Ba6 36. e4 Kd6 37. f4 Kc5 38. Nd7+ Kb4 39. Ne5 Nd6 40. Nc6+ Kxa4 41. e5 Nf5 42. Nd8 Nxg3 43. Nxf7 Ne2+ 44. Kf2 Nxf4 45. Be4 Bc4 46. Ke3 Nd5+ 47. Kd4 Kb4 48. Nd8 Ne7 49. Nb7 a4 50. Nd6 Bb3 51. Bb1 a3 52. Nf7 Nc6+ 53. Ke4 Bc2+ 54. Bxc2 a2 0-1


[Site "https://www.chess.com"]

[Event "Titled Tuesday Blitz April 18 Early 2023"]
[White "Paravyan, David"]
[Black "Kozin, Yuri"]
[WhiteFideId "4194985"]
[BlackFideId "4129920"]
[WhiteElo "2563"]
[BlackElo "2637"]
[Result "1-0"]
[Round "07"]
[TimeControl "180+2"]
[Date "2023.04.18"]
[WhiteClock "0:00:45"]
[BlackClock "0:00:09"]

1. e4 c5 2. Nf3 e6 3. d4 cxd4 4. Nxd4 Nf6 5. Nd2 Nc6 6. Nxc6 bxc6 7. e5 Nd5 8. Nc4 Ba6 9. c3 Bxc4 10. Bxc4 Qc7 11. Qe2 Be7 12. O-O O-O 13. g3 a5 14. a4 Rab8 15. h4 f6 16. exf6 Bxf6 17. Bd3 Be5 18. Kg2 Bd6 19. Bg5 Nf6 20. Rad1 Be7 21. Bf4 Qb7 22. Bxb8 Rxb8 23. Rd2 Nd5 24. Be4 Rf8 25. Rfd1 Bc5 26. Bf3 Qc8 27. Qe5 Ba7 28. Bxd5 cxd5 29. Re2 Bb8 30. Qe3 Qc4 31. Rd4 Qc6 32. Rg4 Bd6 33. h5 Bc5 34. Qg5 Rf7 35. Kh2 Be7 36. Qe5 Bf6 37. Qe3 Kf8 38. h6 g6 39. Qd3 Kg8 40. Qb5 Qc7 41. Kg2 Be5 42. c4 Bd6 43. cxd5 e5 44. Rc4 Qd8 45. b3 Rf8 46. Rce4 Qf6 47. Qxd7 Qf3+ 48. Kg1 Qf7 49. Qxd6 1-0


[Site "https://www.chess.com"]

[Event "Titled Tuesday Blitz April 18 Early 2023"]
[White "Averjanov, Alexey"]
[Black "Zhigalko_Sergei"]
[WhiteFideId "14109867"]
[WhiteElo "2627"]
[BlackElo "2914"]
[Result "0-1"]
[Round "07"]
[TimeControl "180+2"]
[Date "2023.04.18"]
[WhiteClock "0:00:05"]
[BlackClock "0:00:13"]

1. d4 Nf6 2. c4 e6 3. Nf3 b6 4. g3 Ba6 5. Nbd2 Bb4 6. Qc2 Bb7 7. Bg2 Be4 8. Qd1 O-O 9. O-O Bxd2 10. Qxd2 d6 11. b3 Nbd7 12. Bb2 a5 13. Rac1 h6 14. Rfd1 Re8 15. Ne1 Bxg2 16. Nxg2 Qb8 17. Nf4 Qb7 18. h3 e5 19. dxe5 Nxe5 20. Nd5 Ne4 21. Qd4 Ng5 22. Kg2 Qc8 23. Rh1 f6 24. f4 Nc6 25. Qd3 Ne4 26. e3 Nb4 27. Qb1 Qb7 28. Rhd1 Re6 29. a3 Nxd5 30. cxd5 Re7 31. Rc6 Rae8 32. Bd4 Nc5 33. b4 axb4 34. axb4 Na6 35. Rdc1 Nb8 36. Qb3 Kh8 37. R6c3 Qa6 38. Kf3 Qc8 39. g4 Qd8 40. h4 Nd7 41. Qc2 Qa8 42. Qb3 Ne5+ 43. Bxe5 fxe5 44. f5 Qd8 45. e4 Rd7 46. Rh1 Qe7 47. g5 Ra8 48. Kg4 Qe8 49. Rc2 Re7 50. Ra2 h5+ 51. Kg3 Rd7 52. Rha1 Rdd8 53. Ra4 Rac8 54. Ra7 Qd7 55. b5 g6 56. Qc4 gxf5 57. exf5 Qxf5 58. Qf1 Qg6 59. Qf6+ Qxf6 60. gxf6 Rg8+ 61. Kh3 Rg6 62. Rc1 Rxf6 63. Rcxc7 Rxc7 64. Rxc7 Rf3+ 65. Kg2 Rd3 66. Rc6 Rxd5 67. Rxb6 Kg7 68. Rb7+ Kf6 69. b6 Rb5 70. Kf3 Ke6 71. Rb8 Kd5 72. b7 Rb3+ 73. Ke2 e4 74. Rh8 Rb2+ 75. Ke3 Rb3+ 76. Ke2 Rxb7 77. Rxh5+ Kd4 78. Ra5 Rb2+ 79. Ke1 Rh2 80. h5 d5 81. Ra4+ Ke5 82. Kf1 Rxh5 83. Kf2 Rf5+ 84. Ke2 Rf3 85. Ra8 Rh3 86. Ra4 Rh2+ 87. Ke3 d4+ 88. Rxd4 Rh3+ 89. Ke2 Kxd4 90. Kd2 Rh2+ 91. Ke1 e3 92. Kf1 Kd3 93. Kg1 Rf2 94. Kh1 Ke4 95. Kg1 Kf3 96. Kh1 e2 97. Kg1 e1=Q# 0-1


[Site "https://www.chess.com"]

[Event "Titled Tuesday Blitz April 18 Early 2023"]
[White "Daneshvar, Bardiya"]
[Black "Vaibhav Jayant Raut"]
[WhiteFideId "12576468"]
[BlackFideId "5089034"]
[WhiteElo "2468"]
[BlackElo "2156"]
[Result "1-0"]
[Round "07"]
[TimeControl "180+2"]
[Date "2023.04.18"]
[WhiteClock "0:00:04"]
[BlackClock "0:00:05"]

1. Nf3 Nf6 2. g3 g6 3. b3 Bg7 4. Bb2 O-O 5. Bg2 d6 6. d4 Nbd7 7. O-O e5 8. dxe5 Ng4 9. c4 Ngxe5 10. Nxe5 Nxe5 11. Nc3 h5 12. Qd2 h4 13. Nd5 c6 14. Nf4 Qe7 15. Rad1 Rd8 16. Ba3 Bf8 17. Nd3 h3 18. Bh1 Bf5 19. Nxe5 Qxe5 20. Bb2 Qe7 21. Qd4 Qe5 22. Qxe5 dxe5 23. Bxe5 Bc5 24. Bf3 a5 25. e4 Be6 26. Bf6 Re8 27. Bd4 Bb4 28. Be2 a4 29. f3 axb3 30. axb3 Ra2 31. Kf2 b5 32. Ra1 Rxa1 33. Rxa1 Rd8 34. Bf6 Bc5+ 35. Kf1 Rb8 36. g4 g5 37. Bxg5 bxc4 38. bxc4 Bd4 39. Rd1 c5 40. Rxd4 cxd4 41. Bf6 Rb1+ 42. Kf2 Rb4 43. Bxd4 Bxc4 44. Bxc4 Rxc4 45. Be5 Rc5 46. Bf4 Rc3 47. Kg3 Kh7 48. g5 Kg6 49. Kg4 Rb3 50. Bg3 Kh7 51. f4 Rb4 52. Kf5 Rb5+ 53. Kg4 Kg7 54. f5 Rb4 55. Kf4 Kh7 56. Bf2 Ra4 57. Bg3 Rb4 58. Kf3 Ra4 59. e5 Kg7 60. Bf4 Ra3+ 61. Kg4 Kf8 62. Bg3 Kg7 63. Kxh3 Ra4 64. Kg2 Ra3 65. h4 Ra2+ 66. Kh3 Ra4 67. h5 Re4 68. h6+ Kh7 69. Bh2 Re3+ 70. Kg4 Re2 71. Bg3 Re1 72. Bxe1 1-0


[Site "https://www.chess.com"]

[Event "Titled Tuesday Blitz April 18 Early 2023"]
[White "Movahed, Sina"]
[Black "Zarubitski, Viachaslau"]
[WhiteFideId "42520835"]
[BlackFideId "13509373"]
[WhiteElo "2225"]
[BlackElo "2284"]
[Result "1-0"]
[Round "07"]
[TimeControl "180+2"]
[Date "2023.04.18"]
[WhiteClock "0:00:13"]
[BlackClock "0:00:01"]

1. e4 e5 2. Nf3 Nf6 3. Nxe5 d6 4. Nf3 Nxe4 5. d4 d5 6. Bd3 Bd6 7. O-O O-O 8. c4 c6 9. Nc3 Nxc3 10. bxc3 dxc4 11. Bxc4 Bf5 12. Bg5 Qa5 13. d5 Be4 14. dxc6 Nxc6 15. Qxd6 Bxf3 16. Qg3 Bh5 17. Rfe1 Bg6 18. h4 Rfe8 19. Rad1 Qc5 20. Bb3 Rxe1+ 21. Rxe1 a5 22. Qc7 Qb5 23. Qd6 a4 24. Bd5 h6 25. Bxh6 Kh7 26. Bg5 Qd3 27. h5 Bf5 28. c4 a3 29. Kh2 Ra4 30. Re3 Qd1 31. Rf3 1-0


[Site "https://www.chess.com"]

[Event "Titled Tuesday Blitz April 18 Early 2023"]
[White "Berezin, Viktor"]
[Black "Costachi, Mihnea"]
[WhiteFideId "14107872"]
[BlackFideId "1217518"]
[WhiteElo "2310"]
[BlackElo "2456"]
[Result "0-1"]
[Round "07"]
[TimeControl "180+2"]
[Date "2023.04.18"]
[WhiteClock "0:00:10"]
[BlackClock "0:00:38"]

1. d4 Nf6 2. Nf3 e6 3. g3 b6 4. Bg2 Bb7 5. O-O g6 6. c4 Bg7 7. Nc3 O-O 8. b4 a5 9. Rb1 axb4 10. Rxb4 Ne4 11. Nxe4 Bxe4 12. Ra4 Nc6 13. Ba3 Re8 14. e3 Rxa4 15. Qxa4 Qa8 16. Qb3 Na5 17. Qd1 Nxc4 18. Bb4 Qxa2 19. Nh4 Bxg2 20. Nxg2 Ra8 21. h4 Qb2 22. Be7 f6 23. d5 Nd2 24. Re1 exd5 25. Kh2 c6 26. Re2 Ra2 27. Kh3 Qe5 28. Nf4 Qxe7 29. Rxd2 Rxd2 30. Qxd2 f5 31. Qa2 Qe4 32. Kh2 Kf7 33. Qa8 b5 34. Nh3 h6 35. Nf4 d4 36. Qb7 Qe7 37. exd4 Bxd4 38. h5 gxh5 39. Qc8 h4 40. Nh5 hxg3+ 41. fxg3 Qe2+ 0-1


[Site "https://www.chess.com"]

[Event "Titled Tuesday Blitz April 18 Early 2023"]
[White "Lamaze, Simon"]
[Black "Licznerski, Lukasz"]
[WhiteFideId "36069264"]
[BlackFideId "1179250"]
[WhiteElo "2272"]
[BlackElo "2450"]
[Result "0-1"]
[Round "07"]
[TimeControl "180+2"]
[Date "2023.04.18"]
[WhiteClock "0:00:13"]
[BlackClock "0:00:42"]

1. e4 c6 2. d4 d5 3. e5 Bf5 4. Nc3 e6 5. g4 Bg6 6. Nge2 f6 7. h4 fxe5 8. dxe5 Nd7 9. h5 Bf7 10. Bf4 Qb6 11. Bg3 Qxb2 12. Rb1 Qa3 13. Rb3 Qa5 14. Bg2 Nh6 15. Bh3 Nc5 16. O-O Nxb3 17. cxb3 g6 18. Qd3 gxh5 19. g5 Bg6 20. Qd2 Nf5 21. Nf4 Bb4 22. Rc1 Kf7 23. Bh2 Rad8 24. Qd3 Rhe8 25. Nce2 Qxa2 26. Qf3 d4 27. Nxh5 d3 28. Nef4 d2 29. Rd1 Qc2 30. Kg2 Nh4+ 0-1


[Site "https://www.chess.com"]

[Event "Titled Tuesday Blitz April 18 Early 2023"]
[White "Skatchkov, Valery"]
[Black "Samsonkin, Artiom"]
[WhiteFideId "24195812"]
[BlackFideId "13503111"]
[WhiteElo "2262"]
[BlackElo "2524"]
[Result "0-1"]
[Round "07"]
[TimeControl "180+2"]
[Date "2023.04.18"]
[WhiteClock "0:01:30"]
[BlackClock "0:01:00"]

1. d4 Nf6 2. c4 g6 3. Nc3 Bg7 4. e4 d6 5. h3 O-O 6. Bg5 Nbd7 7. Bd3 h6 8. Be3 e5 9. d5 Nh5 10. Nge2 a5 11. Qd2 Kh7 12. g4 Nf4 13. Nxf4 exf4 14. Bxf4 Ne5 15. Be2 f5 16. gxf5 gxf5 17. O-O-O fxe4 18. Nxe4 Qh4 19. Bxe5 Bxe5 20. Kb1 Qxe4+ 21. Ka1 Qf4 22. Qc2+ Bf5 23. Bd3 Bxd3 24. Rxd3 Qf5 25. f4 Bg7 26. Qd2 Rae8 27. Rg3 Qxf4 28. Qc2+ Qe4 29. Qd1 Rf2 30. Rb3 a4 31. Rxb7 a3 0-1


[Site "https://www.chess.com"]

[Event "Titled Tuesday Blitz April 18 Early 2023"]
[White "Bharath Subramaniyam H"]
[Black "Sokolovsky, Yahli"]
[WhiteFideId "46634827"]
[BlackFideId "2820242"]
[WhiteElo "2395"]
[BlackElo "2316"]
[Result "1-0"]
[Round "07"]
[TimeControl "180+2"]
[Date "2023.04.18"]
[WhiteClock "0:00:46"]
[BlackClock "0:00:04"]

1. e4 d6 2. d4 Nf6 3. Nc3 g6 4. f4 Bg7 5. Nf3 O-O 6. Bd3 c5 7. d5 a6 8. a4 e6 9. dxe6 Bxe6 10. O-O Nc6 11. f5 Bd7 12. Kh1 Nd4 13. Bg5 h6 14. Bh4 Nxf3 15. Qxf3 g5 16. Bg3 Bc6 17. Rad1 Re8 18. Rfe1 Qe7 19. Bc4 Rad8 20. Nd5 Bxd5 21. Bxd5 Nxd5 22. exd5 Qf6 23. c3 Bf8 24. h4 gxh4 25. Qg4+ Qg5 26. Qxh4 Qxf5 27. Rf1 Qg6 28. Rf4 Be7 29. Qh3 Bg5 30. Rf2 Re4 31. Rdf1 Rde8 32. Rxf7 Qxf7 33. Rxf7 Kxf7 34. Qd7+ R8e7 35. Qxd6 Bh4 36. Bxh4 Rxh4+ 37. Kg1 Re1+ 38. Kf2 Rhe4 39. Qxc5 h5 40. Qc7+ Kg6 41. Qxb7 h4 42. Qxa6+ Kf5 43. Qd3 Ke5 44. d6 Rh1 45. d7 Rf4+ 46. Ke2 Re4+ 47. Qxe4+ Kxe4 48. d8=Q 1-0


[Site "https://www.chess.com"]

[Event "Titled Tuesday Blitz April 18 Early 2023"]
[White "Aydincelebi, Kagan"]
[Black "wqws"]
[WhiteFideId "6361102"]
[WhiteElo "2180"]
[BlackElo "2595"]
[Result "1-0"]
[Round "07"]
[TimeControl "180+2"]
[Date "2023.04.18"]
[WhiteClock "0:00:14"]
[BlackClock "0:00:04"]

1. e4 c5 2. Nf3 d6 3. Bb5+ Nd7 4. O-O Nf6 5. Re1 a6 6. Bf1 e5 7. c3 Be7 8. d4 O-O 9. dxe5 Nxe5 10. Bf4 Ng6 11. Bg3 Nh5 12. Nbd2 Nxg3 13. hxg3 b5 14. a4 Bd7 15. axb5 axb5 16. Qb3 c4 17. Qc2 Ne5 18. Nd4 Qb6 19. Be2 Bf6 20. Nf1 Nc6 21. Nf3 b4 22. Bxc4 bxc3 23. bxc3 Rxa1 24. Rxa1 Qc5 25. Ne3 Na5 26. Bd5 Qxc3 27. Qxc3 Bxc3 28. Rc1 Bf6 29. Rc7 Be6 30. g4 Nb3 31. g5 Be5 32. Nf5 Bxd5 33. exd5 g6 34. Nh6+ Kg7 35. Nxe5 dxe5 36. Ng4 Re8 37. Nf6 Rd8 38. d6 Nd4 39. d7 Ne6 40. Rc8 h5 41. g3 Kf8 42. f4 exf4 43. gxf4 Ke7 44. Rc4 Rxd7 45. Nxd7 Kxd7 46. Kf2 Ng7 47. Kf3 Nf5 48. Ra4 Ke7 49. Ra7+ Ke6 50. Ke4 Nd6+ 51. Kf3 Nf5 52. Ra6+ Ke7 53. Ke4 h4 54. Ke5 Ng3 55. Ra7+ Kf8 56. Ra2 Kg7 57. Rh2 Nf5 58. Ra2 Ng3 59. Kd4 Nh5 60. Ke3 Ng3 61. Kf3 Nf5 62. Kg4 Kf8 63. Ra7 Kg7 64. Ra5 Kf8 65. Ra7 Kg7 66. Rb7 Kg8 67. Rb2 Kg7 68. Kf3 Kg8 69. Ke4 Kg7 70. Ke5 Ng3 71. Rh2 Nf5 72. Kd5 Ne3+ 73. Kd6 Nf5+ 74. Kd7 Kf8 75. Ra2 Nd4 76. Ra8+ Kg7 77. Ke8 h3 78. Ra1 h2 79. Rh1 Nf3 80. Ke7 Kg8 81. Kd6 Kg7 82. Kd5 f6 83. gxf6+ Kxf6 84. Ke4 Nh4 85. Rxh2 Nf5 86. Ra2 Nd6+ 87. Kf3 Nf5 88. Ra6+ Kg7 89. Kg4 Nh6+ 90. Kg5 Nf7+ 91. Kh4 Nh6 92. Kg3 Nf5+ 93. Kf3 Kh6 94. Ke4 Kh5 95. Ra8 Nh4 96. Rh8+ Kg4 97. Rg8 Kh5 98. Ke5 Nf3+ 99. Kf6 Nh4 100. Rh8+ Kg4 101. Rxh4+ 1-0


[Site "https://www.chess.com"]

[Event "Titled Tuesday Blitz April 18 Early 2023"]
[White "Hambleton, Aman"]
[Black "Ibadov, Dashgyn"]
[WhiteFideId "2606577"]
[BlackFideId "24107514"]
[WhiteElo "2511"]
[BlackElo "2208"]
[Result "1-0"]
[Round "07"]
[TimeControl "180+2"]
[Date "2023.04.18"]
[WhiteClock "0:00:03"]
[BlackClock "0:00:02"]

1. d4 Nf6 2. Bf4 d5 3. e3 c5 4. c3 Nc6 5. Nd2 Bf5 6. Qb3 Qd7 7. Ngf3 c4 8. Qd1 e6 9. Be2 Be7 10. Nh4 O-O 11. O-O Bd6 12. Bxd6 Qxd6 13. Nxf5 exf5 14. Bf3 g6 15. g3 Kg7 16. b3 b5 17. bxc4 bxc4 18. Qa4 Ne4 19. Nxe4 fxe4 20. Be2 h5 21. h4 Ne7 22. Rab1 Nf5 23. Kg2 Rh8 24. Rb7 g5 25. Qd7 Qxd7 26. Rxd7 Rhd8 27. Rxd8 Rxd8 28. Rb1 gxh4 29. gxh4 Nxh4+ 30. Kh3 Nf5 31. Bxh5 Rh8 32. Kg4 Nh6+ 33. Kf4 Ng8 34. Bg4 Nf6 35. Bf5 Rh4+ 36. Ke5 Rh2 37. Rg1+ Kf8 38. Kxf6 Rxf2 39. Rb1 1-0


[Site "https://www.chess.com"]

[Event "Titled Tuesday Blitz April 18 Early 2023"]
[White "Harsh Suresh"]
[Black "Principe, Alexander"]
[WhiteFideId "45018464"]
[BlackFideId "3804542"]
[WhiteElo "2227"]
[BlackElo "2203"]
[Result "1-0"]
[Round "07"]
[TimeControl "180+2"]
[Date "2023.04.18"]
[WhiteClock "0:02:42"]
[BlackClock "0:01:18"]

1. e4 e6 2. d4 d5 3. Nd2 Nc6 4. Ngf3 Nf6 5. e5 Nd7 6. Bb5 a6 7. Bxc6 bxc6 8. O-O c5 9. c3 cxd4 10. cxd4 c5 11. dxc5 Bxc5 12. Qa4 O-O 13. Nb3 Bb7 14. Qg4 Re8 15. Nxc5 Nxc5 16. Bg5 Qd7 17. Bf6 g6 18. Qg5 Qe7 19. Bxe7 Nd3 20. Bf6 Ne1 21. Raxe1 1-0


[Site "https://www.chess.com"]

[Event "Titled Tuesday Blitz April 18 Early 2023"]
[White "Pajeken, Jakob Leon"]
[Black "Atakishiyev, Elmar"]
[WhiteFideId "12942839"]
[BlackFideId "13410547"]
[WhiteElo "2414"]
[BlackElo "2239"]
[Result "1-0"]
[Round "07"]
[TimeControl "180+2"]
[Date "2023.04.18"]
[WhiteClock "0:00:19"]
[BlackClock "0:00:03"]

1. e4 c5 2. Nf3 e6 3. d4 cxd4 4. Nxd4 a6 5. a3 Qc7 6. c4 Nf6 7. Nc3 d6 8. Be3 b6 9. Bd3 Bb7 10. Qe2 Nbd7 11. f3 Be7 12. Rc1 O-O 13. b4 Rac8 14. O-O Qb8 15. Kh1 Rfe8 16. f4 Bf8 17. Bb1 Qa8 18. Bd2 h5 19. Nf3 b5 20. cxb5 axb5 21. Nxb5 Rxc1 22. Rxc1 Ba6 23. a4 Nb6 24. Bd3 Rc8 25. Nc7 Bxd3 26. Nxa8 Bxe2 27. Nxb6 Rxc1+ 28. Bxc1 Nxe4 29. Nd4 Bd3 30. Be3 e5 31. fxe5 dxe5 32. Nc6 f5 33. Nxe5 Bc2 34. Nc6 Nc3 35. a5 Be4 36. Nd8 Bxb4 37. a6 Nd5 38. Nxd5 Bxd5 39. Nb7 h4 40. Bc5 Bd2 41. Kg1 g5 42. Nd6 f4 43. Nf5 Kf7 44. Ne7 Be4 45. Nc8 g4 46. Nd6+ Ke6 47. Nxe4 Ba5 48. a7 g3 49. hxg3 fxg3 50. a8=Q Be1 51. Qc6+ Ke5 52. Qd6+ Kxe4 53. Qe6+ Kf4 54. Qxe1 h3 55. gxh3 g2 56. Qf2+ Kg5 57. Be3+ Kh5 58. Qxg2 Kh4 59. Qg4# 1-0


[Site "https://www.chess.com"]